 Dungeon Crawl Stone Soup version 0.30-a0-696-g2367cd04db (webtiles) character file.

Game seed: 4269953673283121079

1246 wormed the Caller (level 8, -2/52 HPs)
             Began as a Demonspawn Summoner on Jan 20, 2023.
             Slain by an unseen horror (6 damage)
             ... on level 6 of the Dungeon.
             The game lasted 00:11:26 (6710 turns).

wormed the Caller (Demonspawn Summoner)             Turns: 6710, Time: 00:11:27

Health: -2/52      AC:  7    Str: 10    XL:     8   Next: 25%
Magic:  16/16      EV: 11    Int: 18    God:
Gold:   248        SH:  0    Dex: 13    Spells: 7/18 levels left

rFire   . . .      SeeInvis .    (no weapon)
rCold   + . .      Faith    .    (no shield)
rNeg    . . .      Spirit   .    i - +2 leather armour {rPois}
rPois   +          Reflect  .    (helmet unavailable)
rElec   .          Harm     .    (no cloak)
rCorr   .          Rampage  .    p - +1 pair of gloves
Will    .....                    (no boots)
Stlth   ++                       (no amulet)
HPRegen 0.28/turn                r - ring of protection from cold
MPRegen 0.30/turn                (no ring)

@: no status effects
A: horns 3, magic regeneration
a: no special abilities


You were on level 6 of the Dungeon.
You visited 1 branch of the dungeon, and saw 8 of its levels.

You collected 248 gold pieces.

Inventory:

Armour
 i - a +2 leather armour of poison resistance (worn)
 p - a +1 pair of gloves (worn)
Jewellery
 r - a ring of protection from cold (left hand)
 s - a +6 ring of strength
Wands
 g - a wand of mindburst (18)
Scrolls
 h - a scroll of fog
 n - 2 scrolls of teleportation
Potions
 b - a potion of magic
 d - 2 potions of mutation
 e - a potion of brilliance
 f - a potion of ambrosia {unknown}
 j - 2 potions of cancellation {unknown}
 k - a potion of berserk rage {unknown}
 l - 3 potions of degeneration {unknown}
 m - a potion of lignification {unknown}
 q - 2 potions of flight {unknown}


   Skills:
 - Level 1.7 Dodging
 - Level 1.7 Stealth
 + Level 5.8 Spellcasting
 - Level 4.0 Hexes
 + Level 7.2 Summonings
 + Level 2.4 Air Magic


You had 7 spell levels left.
You knew the following spells:

 Your Spells              Type           Power      Damage    Failure   Level
a - Summon Small Mammal   Summ           100%       N/A       1%          1
b - Call Canine Familiar  Summ           31%        N/A       2%          3
c - Summon Guardian Gole  Hex/Summ       25%        N/A       4%          3
d - Summon Lightning Spi  Summ/Air       22%        N/A       22%         4

Your spell library contained the following spells:

 Spells                   Type           Power      Damage    Failure   Level
 Call Imp                 Summ           31%        N/A       1%          2
 Ensorcelled Hibernation  Hex/Ice        24%        N/A       11%         2
 Spider Form              Tmut/Pois      5%         N/A       45%         3
 Anguish                  Hex/Necr       6%         N/A       58%         4


Dungeon Overview and Level Annotations

Branches:
Dungeon (8/15)             Temple (0/1) D:4
   Lair: D:8-11

Altars:

Shops:
D:5 (


Innate Abilities, Weirdness & Mutations

You have a pair of large horns on your head.
You regenerate magic rapidly.


Message History

Your hound bites something but does no damage.
Something hits you!
You hit something but do no damage. You headbutt something. Something hits you.
Your hound closely misses something.
Your hound barely misses something.
Your hound bites something.
Something hits you but does no damage.
You barely miss something. Your headbutt misses something.
Something hits you but does no damage. Something hits you.
Your hound bites something.
There is an open door here.
Something hits you. Something hits your hound!
Your hound misses something. Something hits you!
Your hound bites something but does no damage.
Something misses your hound. Something hits you but does no damage.
Your hound bites something.
Something hits you.
Something hits you but does no damage. x2
You closely miss something. Something completely misses you.
Your hound bites something but does no damage.
Something hits you.
Your hound bites something but does no damage.
You closely miss something.
Something hits you but does no damage. x2
Your hound bites something but does no damage.
Something hits you!
* * * LOW HITPOINT WARNING * * *
Something hits you!
* * * LOW HITPOINT WARNING * * *
Your hound closely misses something.
Your hound bites something but does no damage.
Blink to where?
Press: ? - help, Dir - move target
As you read the scroll of blinking, it crumbles to dust.
Something hits you.
* * * LOW HITPOINT WARNING * * *
You feel better. Something hits you but does no damage. Something hits you!
* * * LOW HITPOINT WARNING * * *
Your hound barely misses something.
Something hits you but does no damage.
Your hound bites something.
There is a stone staircase leading up, spattered with blood here.
Something hits you.
You die...

..# ..# #### ..# #.z.
..# #..z ...... ####
#... #...... ...#
+... #...... ..##
...######### ##......
### ###'#.......#
#....... ###
#...'.[{@...#
#....... ..#
#....#.......#
#....... ..#
#....#..h....#
#....... ###
######.......#
####.......
##########.#.......##
#.....#####
...#..#....#.......#
#.....#
...#..#....+.......#
#.....#
...#..'....#.....>.#
#.....#
..##..##...#.......#
#.....#


You could see a friendly hound (summoned).

Vanquished Creatures
  A black bear (D:5)
  A phantom (D:5)
  A bullfrog (D:6)
  A necrophage (D:6)
  A white imp (D:5)
  A worm (D:3)
  2 ball pythons
  A bat (D:2)
  An endoplasm (D:1)
  A giant cockroach (D:3)
  5 goblins (D:2)
  2 hobgoblins
  2 kobolds (D:2)
  2 frilled lizards (D:3)
  2 rats
24 creatures vanquished.

Vanquished Creatures (collateral kills)
  A centaur (D:3)
  A phantom (D:5)
  A scorpion (D:5)
  A wight (D:6)
  A howler monkey (D:6)
  4 hounds
  An orc priest (D:6)
  An iguana (D:5)
  An orc wizard (D:6)
  7 adders
  A river rat (D:3)
  A white imp (D:5)
  A worm (D:2)
  3 dart slugs
  4 orcs
  5 endoplasms
  A giant cockroach (D:3)
  4 goblins
  7 hobgoblins
  2 jackals (D:2)
  4 kobolds
  2 quokkas
  2 ball pythons (D:3)
  2 bats
  2 frilled lizards
  6 rats
66 creatures vanquished.

Vanquished Creatures (others)
  A water moccasin (D:5)
  A black bear (D:4)
  An ogre (D:5)
3 creatures vanquished.

Grand Total: 93 creatures vanquished

Notes
Turn   | Place    | Note
-------+----------+-------------------------------------------
     0 | D:1      | wormed the Demonspawn Summoner began the quest for the Orb.
     0 | D:1      | Reached XP level 1. HP: 13/13 MP: 3/3
   264 | D:1      | Gained mutation: You have a pair of small horns on your
                  | head. [demonic ancestry]
   264 | D:1      | Reached XP level 2. HP: 16/19 MP: 1/5
   460 | D:1      | Reached skill level 1 in Hexes
   844 | D:2      | Identified the +3 sling of the Messenger {antimagic, rF+
                  | rC+ Int+3}
   975 | D:2      | Reached XP level 3. HP: 19/24 MP: 0/6
   979 | D:2      | Learned a level 3 spell: Call Canine Familiar
  1486 | D:2      | Learned a level 3 spell: Summon Guardian Golem
  1708 | D:2      | Gained mutation: You have a pair of horns on your head.
                  | [demonic ancestry]
  1708 | D:2      | Reached XP level 4. HP: 30/30 MP: 5/8
  2318 | D:3      | Noticed a centaur
  2339 | D:3      | Killed a centaur
  2340 | D:3      | Reached skill level 5 in Summonings
  2340 | D:3      | Gained mutation: You have a pair of large horns on your
                  | head. [demonic ancestry]
  2340 | D:3      | Reached XP level 5. HP: 8/35 MP: 1/10
  2355 | D:3      | HP: 1/35 [worm (11)]
  3911 | D:4      | Noticed a black bear
  3932 | D:4      | Killed a black bear
  3933 | D:4      | Reached XP level 6. HP: 41/41 MP: 2/11
  4287 | D:4      | Found a staircase to the Ecumenical Temple.
  4379 | D:5      | Entered Level 5 of the Dungeon
  4420 | D:5      | You fall into a shaft and drop 3 floors!
  4664 | D:5      | Reached skill level 6 in Summonings
  4664 | D:5      | Gained mutation: You regenerate magic rapidly. [demonic
                  | ancestry]
  4664 | D:5      | Reached XP level 7. HP: 32/46 MP: 8/13
  4850 | D:5      | Reached skill level 5 in Spellcasting
  5005 | D:5      | Learned a level 4 spell: Summon Lightning Spire
  5251 | D:5      | Found Neloyhim's Weapon Boutique.
  5407 | D:5      | Reached skill level 1 in Air Magic
  5639 | D:5      | Reached XP level 8. HP: 52/52 MP: 13/16
  6239 | D:6      | Reached skill level 7 in Summonings
  6522 | D:6      | Identified the +5 sling of Fedhas's Castigation {heavy,
                  | Contam rF+++ rC+ Str+3}
  6710 | D:6      | Slain by an unseen horror

Illustrated notes

Levels and vault maps discovered:
D:1:      nzn_arrival_water_spiral, layout_basic, corexii_leaking_fountain,
          minmay_box_of_dots
D:2:      layout_loops_ring, minmay_goblin_outpost
D:3:      layout_rooms, gup_sewer_entry_bowl, serial_curves, eino_curves_04,
          eino_curves_04, eino_curves_04, eino_curves_02, minmay_misc_feat_iff
D:4:      layout_cave_pods, temple_doors_ab
D:5:      layout_basic, serial_co_window_serial, co_window_paths_a,
          co_window_paths_b, co_window_of_opportunity_a, co_window_paths_b,
          co_window_of_opportunity_a, co_window_paths_a, co_window_2corner,
          co_window_of_opportunity_c, co_window_of_opportunity_b, serial_shops,
          nicolae_shop_bloodbath_and_beyond, kennysheep_generic_room_11
D:6:      layout_gridville, gammafunk_temple_overflow_pools, minmay_door_square
D:7:      layout_loops_ring, nicolae_overflow_hallway_of_the_gods,
          columned_hall_lemuel, uniq_pikel
D:8:      kennysheep_steamy, layout_loops_corners, serial_shops,
          nicolae_shop_temple_entry_statues_fountains

Skill      XL: |  1  2  3  4  5  6  7  8 |
---------------+-------------------------+-----
Hexes          | 1 2 3 4 |  4.0
Spellcasting   | 3 4 5 |  5.8
Summonings     | 5 6 7 |  7.2
Air Magic      | 1 2 |  2.4
Dodging        | |  1.7
Stealth        | |  1.7

Action                   |  1- 3 |  4- 6 |  7- 9 || total
-------------------------+-------+-------+-------++-------
Melee: Unarmed           |    31 |    68 |    31 ||   130
       Headbutt          |     4 |    10 |     8 ||    22
       Punch             |       |     1 |     2 ||     3
 Fire: Sling             |    18 |     3 |       ||    21
 Cast: Summon Small Mamm |    20 |    16 |       ||    36
       Call Canine Famil |     7 |    19 |    12 ||    38
       Summon Guardian G |       |     1 |     5 ||     6
       Summon Lightning  |       |       |     6 ||     6
  Use: Scroll            |       |     9 |     5 ||    14
       Potion            |       |     2 |     2 ||     4
 Stab: Sleeping          |     2 |       |       ||     2
       Distracted        |       |     1 |       ||     1
Armor: Robe              |    11 |    19 |    20 ||    50
       Leather armour    |       |       |    12 ||    12
Dodge: Dodged            |    56 |    58 |    11 ||   125

Table legend: (Time is in decaauts)
 A = Elapsed time spent in this place.
 B = Non-inter-level travel time spent in this place.
 C = Inter-level travel time spent in this place.
 D = Time resting spent in this place.
 E = Time spent auto-exploring this place.
 F = Levels seen in this place.
 G = Mean time per level.
                   A        B        C        D        E       F      G
               +--------+--------+--------+--------+--------+-----+--------+
         Total |   6734 |   6345 |    389 |      0 |   5101 |   8 |  841.8 |
       Dungeon |   6734 |   6345 |    389 |      0 |   5101 |   8 |  841.8 |
               +--------+--------+--------+--------+--------+-----+--------+

Top non-repeatable levels by time:
     D:5: 1569 daAuts
     D:2: 1345 daAuts
     D:3: 1249 daAuts
     D:4: 930 daAuts
     D:1: 877 daAuts
     D:6: 692 daAuts
     D:8: 54 daAuts
     D:7: 13 daAuts
